 Dungeon Crawl Stone Soup version 0.32-a0-131-g9dbbe29 (webtiles) character file.

Game seed: 6833947479080353331

86 Cunctator the Ducker (level 4, 0/61 HPs)
             Began as a Gnoll Monk on Feb 8, 2024.
             Was a Follower of Cheibriados.
             Slain by an orc
             ... wielding a +0 flail
              (3 damage)
             ... on level 3 of the Dungeon.
             The game lasted 00:11:15 (2029 turns).

Cunctator the Ducker (Gnoll Monk)                   Turns: 2029, Time: 00:11:18

Health: 0/61       AC: 12    Str: 12 (14) XL:     4   Next: 50%
Magic:  5/5        EV:  8    Int:  9 (10) God:    Cheibriados [*.....]
Gold:   93         SH:  0    Dex: 17 (20) Spells: 5/5 levels left

rFire   . . .        a - +0 mace
rCold   . . .        (no shield)
rNeg    . . .        o - +1 chain mail
rPois   .            t - +2 helmet
rElec   .            (no cloak)
rCorr   .            (no gloves)
SInv    .            (no boots)
Will    .....        (no amulet) Stlth
                     q - ring of flight
HPRegen 0.30/turn    (no ring)
MPRegen 0.09/turn

%: no passive effects
@: berserking (expiring), flying, very slow
A: fangs 1, strong nose, distributed training, agile 1, inability to read after
injury 1
a: Renounce Religion, Bend Time


You were on level 3 of the Dungeon.
You worshipped Cheibriados.
Cheibriados was aware of your devotion.
You visited 1 branch of the dungeon, and saw 3 of its levels.

You collected 93 gold pieces.

Inventory:

Hand Weapons
 a - a +0 mace (weapon)
 s - a +0 shortbow
Missiles
 m - 30 stones (quivered)
Armour
 b - a +0 robe
 d - an orb of light
 i - a +0 leather armour
 o - a +1 chain mail (worn)
 t - a +2 helmet (worn)
Jewellery
 q - a ring of flight (left hand)
Talismans
 l - a beast talisman
Scrolls
 p - a scroll of noise
 r - a scroll of amnesia
Potions
 g - a potion of mutation
 n - a potion of degeneration


   Skills:
 + Level 6.6 Fighting
 + Level 1.2 Short Blades
 + Level 1.2 Long Blades
 + Level 1.2 Axes
 + Level 6.6 Maces & Flails
 + Level 1.2 Polearms
 + Level 1.2 Staves
 + Level 1.2 Ranged Weapons
 + Level 1.2 Throwing
 + Level 1.2 Armour
 + Level 6.6 Dodging
 + Level 1.2 Stealth
 + Level 1.2 Shields
 + Level 1.2 Unarmed Combat
 + Level 1.2 Spellcasting
 + Level 1.0 Conjurations
 + Level 1.0 Hexes
 + Level 1.0 Summonings
 + Level 1.0 Necromancy
 + Level 1.0 Translocations
 + Level 1.0 Fire Magic
 + Level 1.0 Ice Magic
 + Level 1.0 Air Magic
 + Level 1.0 Earth Magic
 + Level 1.0 Alchemy
 + Level 1.3 Invocations
 + Level 1.2 Evocations
 + Level 1.1 Shapeshifting


You had 5 spell levels left.
You didn't know any spells.
Your spell library contained the following spells:

 Spells                   Type           Power      Damage    Failure   Level
 Sandblast                Erth           4%         2d4       99%         1
 Ensorcelled Hibernation  Hex/Ice        4%         N/A       100%        2
 Fugue of the Fallen      Necr           2%         N/A       100%        3
 Passwall                 Erth           2%         N/A       100%        3
 Stone Arrow              Conj/Erth      4%         3d7       100%        3
 Anguish                  Hex/Necr       1%         N/A       100%        4
 Brom's Barrelling Bould  Conj/Erth      2%         2d3       100%        4


Dungeon Overview and Level Annotations

Branches:
Dungeon (3/15)

Altars:
Cheibriados
Xom


Innate Abilities, Weirdness & Mutations

You have very sharp teeth.
Your uncanny sense of smell can sniff out nearby items.
Your experience applies equally to all skills.
You are agile. (Dex +4, Str/Int -1)
You occasionally lose the ability to read scrolls when taking damage.


Message History

You are confused.
You feel invigorated. The orc closely misses you.
The orc hits you with a +0 flail.
* * * LOW HITPOINT WARNING * * *
The orc hits you but does no damage. The adder bites you but does no damage.
It was a potion of berserk rage.
A red film seems to cover your vision as you go berserk!
Cheibriados protects you from inadvertent hurry.
You feel mighty! The adder barely misses you. The orc barely misses you.
The orc closely misses you. x2
You feel a strong urge to attack something.
You feel less invigorated.
You feel less confused. The adder barely misses you.
The orc hits you but does no damage. The orc hits you with a +0 hand axe.
* * * LOW HITPOINT WARNING * * *
The orc hits you but does no damage. The orc hits you with a +0 flail.
* * * LOW HITPOINT WARNING * * *
The orc hits you but does no damage. The adder barely misses you.
The orc hits you with a +0 flail.
* * * LOW HITPOINT WARNING * * *
The orc hits you but does no damage. The orc barely misses you.
The orc hits you but does no damage. The orc closely misses you.
The orc hits you but does no damage. x2
You are too berserk!
You miss the adder. The adder bites you.
* * * LOW HITPOINT WARNING * * *
The orc barely misses you. The orc hits you but does no damage. x4
The orc hits you with a +0 flail!
* * * LOW HITPOINT WARNING * * *
The orc hits you with a +0 hand axe.
* * * LOW HITPOINT WARNING * * *
The adder closely misses you.
You barely miss the adder. The adder closely misses you.
The orc hits you with a +0 dagger.
* * * LOW HITPOINT WARNING * * *
The orc hits you with a +0 flail.
You die...
Cheibriados appreciates the motionlessness of death.
Xom thinks this is hilarious!

######*#######
##.....##○°...########
*#.......°○.....#######
*....o...°.(.....######
*....o.......○...######
*.....o.......○..######
***.>...o$<..○°.o..######
,,,.......°...°ooo.######
,**.$.....°.°°.o@o.######
,,*#......°.°.○oSo#######
*,,.#S....#.°..○.########
***$.#######..###########
*#,* ###.########### *,*
###.########### *,***
###.########### *,,,*
###..########## ***,*
**,*


You could see an adder and 8 orcs.

Vanquished Creatures
  An adder (D:3)
  A gnoll (D:1)
  2 dart slugs (D:2)
  6 endoplasms
  2 giant cockroaches
  4 goblins
  5 hobgoblins
  2 jackals (D:2)
  9 kobolds
  4 quokkas
  7 ball pythons
  5 bats
  3 frilled lizards
  7 rats
58 creatures vanquished.

Notes
Turn   | Place    | Note
-------+----------+-------------------------------------------
     0 | D:1      | Cunctator the Gnoll Monk began the quest for the Orb.
     0 | D:1      | Reached XP level 1. HP: 23/23 MP: 1/1
   179 | D:1      | Reached XP level 2. HP: 23/29 MP: 2/2
   387 | D:1      | Reached XP level 3. HP: 34/35 MP: 3/3
   449 | D:1      | Reached skill level 1 in Invocations
   902 | D:1      | Found a faded altar of an unknown god.
   929 | D:1      | Prayed at the altar of an unknown god.
   929 | D:1      | Became a worshipper of Xom of Chaos
  1061 | D:2      | Reached skill level 1 in Short Blades
  1061 | D:2      | Reached skill level 1 in Long Blades
  1061 | D:2      | Reached skill level 1 in Axes
  1061 | D:2      | Reached skill level 1 in Polearms
  1061 | D:2      | Reached skill level 1 in Staves
  1061 | D:2      | Reached skill level 1 in Ranged Weapons
  1061 | D:2      | Reached skill level 1 in Throwing
  1061 | D:2      | Reached skill level 1 in Armour
  1061 | D:2      | Reached skill level 1 in Stealth
  1061 | D:2      | Reached skill level 1 in Shields
  1061 | D:2      | Reached skill level 1 in Unarmed Combat
  1061 | D:2      | Reached skill level 1 in Spellcasting
  1061 | D:2      | Reached skill level 1 in Evocations
  1153 | D:2      | XOM: noise
  1199 | D:2      | XOM: noise
  1235 | D:2      | Found a snail-covered altar of Cheibriados.
  1273 | D:2      | Fell from the grace of Xom
  1273 | D:2      | Became a worshipper of Cheibriados the Contemplative
  1283 | D:2      | Reached skill level 1 in Shapeshifting
  1283 | D:2      | Reached XP level 4. HP: 34/41 MP: 5/5
  1970 | D:3      | Reached * piety under Cheibriados
  1997 | D:3      | Reached skill level 1 in Conjurations
  1997 | D:3      | Reached skill level 1 in Hexes
  1997 | D:3      | Reached skill level 1 in Summonings
  1997 | D:3      | Reached skill level 1 in Necromancy
  1997 | D:3      | Reached skill level 1 in Translocations
  1997 | D:3      | Reached skill level 1 in Fire Magic
  1997 | D:3      | Reached skill level 1 in Ice Magic
  1997 | D:3      | Reached skill level 1 in Air Magic
  1997 | D:3      | Reached skill level 1 in Earth Magic
  1997 | D:3      | Reached skill level 1 in Alchemy
  2008 | D:3      | XOM: 6-stop teleportation journey
  2024 | D:3      | Gained mutation: You occasionally lose the ability to read
                  | scrolls when taking damage. [potion of mutation]
  2024 | D:3      | Gained mutation: You are agile. (Dex +4, Str/Int -1)
                  | [potion of mutation]
  2029 | D:3      | HP: 3/61 [orc/+0 dagger (1)]
  2029 | D:3      | Slain by an orc

Illustrated notes

Levels and vault maps discovered:
D:1:      dpeg_cavernosity, layout_rooms, shapermc_ecumenical_altar_acropolis
D:2:      layout_basic, basic_altar
D:3:      layout_rooms, general_overflow_altar, serial_shops,
          nicolae_lakefront_shop, st_stairs_11, uniq_jessica

Skill      XL: |  1  2  3  4 |
---------------+-------------+-----
Invocations    | 1 |  1.3
Short Blades   | 1 |  1.2
Long Blades    | 1 |  1.2
Axes           | 1 |  1.2
Polearms       | 1 |  1.2
Staves         | 1 |  1.2
Ranged Weapons | 1 |  1.2
Throwing       | 1 |  1.2
Armour         | 1 |  1.2
Stealth        | 1 |  1.2
Shields        | 1 |  1.2
Unarmed Combat | 1 |  1.2
Spellcasting   | 1 |  1.2
Evocations     | 1 |  1.2
Shapeshifting  | 1 |  1.1
Conjurations   | 1 |  1.0
Hexes          | 1 |  1.0
Summonings     | 1 |  1.0
Necromancy     | 1 |  1.0
Translocations | 1 |  1.0
Fire Magic     | 1 |  1.0
Ice Magic      | 1 |  1.0
Air Magic      | 1 |  1.0
Earth Magic    | 1 |  1.0
Alchemy        | 1 |  1.0
Fighting       | |  6.6
Maces & Flails | |  6.6
Dodging        | |  6.6

Action                     |  1- 3 |  4- 6 || total
---------------------------+-------+-------++-------
  Melee: Mace              |   113 |    46 ||   159
         Bite              |     9 |     3 ||    12
   Fire: Shortbow          |       |    14 ||    14
  Throw: Stone             |       |     6 ||     6
    Use: Scroll            |       |     5 ||     5
         Potion            |       |     4 ||     4
 Armour: Skin              |     6 |       ||     6
         Robe              |     1 |       ||     1
         Leather armour    |    43 |    10 ||    53
         Chain mail        |       |    65 ||    65
  Dodge: Dodged            |    71 |    52 ||   123

Table legend: (Time is in decaauts)
 A = Elapsed time spent in this place.
 B = Non-inter-level travel time spent in this place.
 C = Inter-level travel time spent in this place.
 D = Time resting spent in this place.
 E = Time spent auto-exploring this place.
 F = Levels seen in this place.
 G = Mean time per level.
                   A        B        C        D        E       F      G
               +--------+--------+--------+--------+--------+-----+--------+
         Total |   2223 |   2118 |    105 |      9 |   1623 |   3 |  741.0 |
       Dungeon |   2223 |   2118 |    105 |      9 |   1623 |   3 |  741.0 |
               +--------+--------+--------+--------+--------+-----+--------+

Top non-repeatable levels by time:
     D:2: 1176 daAuts
     D:1: 960 daAuts
     D:3: 86 daAuts
